 Dungeon Sprint DCSS version 0.29.1-1-gd02db6906a (webtiles) character file.

Game seed: 18316420311528471673

44400000 Ofeo the Axe Maniac (level 27, 190/228 HPs)
             Began as a Djinni Warper on Sept 17, 2022.
             Was the Champion of Makhleb.
             Escaped with the Orb!
             The game lasted 00:04:45 (222 turns).

Ofeo the Axe Maniac (Djinni Warper)                  Turns: 222, Time: 00:04:46

Health: 190/228    AC:  6    Str: 10    XL:     27
Gold:   0          EV: 26    Int: 27    God:    Makhleb [******] SH:  0 Dex: 15

rFire   + + .      SeeInvis +   d - +∞ Axe of Woe
rCold   x . .      Faith    .   (shield currently unavailable)
rNeg    . . .      Spirit   .   a - +0 leather armour
rPois   ∞          Reflect  .   (no helmet)
rElec   .          Harm     .   (no cloak)
rCorr   .          Rampage  .   (no gloves)
Will    ++...      NoTele   +   (boots unavailable)
Stlth   +.........              (no amulet)
HPRegen 0.48/turn               i - ring of see invisible
MPRegen 0.00/turn               (no ring)

@: confused, flying, slowed, very slow
A: sickness immunity, fire resistance 2, cold vulnerability 1, float, innate
caster, HP casting, extra vitality 1
0: Orb of Zot
a: Renounce Religion, Minor Destruction, Lesser Servant of Makhleb, Major
Destruction, Greater Servant of Makhleb


You escaped.
You worshipped Makhleb.
Makhleb was exalted by your worship.
You visited 1 branch

Inventory:

Hand Weapons
 d - the +∞ Axe of Woe (weapon)
   (You found it in the Dungeon)
Missiles
 c - 7 boomerangs of dispersal
Armour
 a - a +0 leather armour (worn)
Jewellery
 e - a +200 ring of slaying
 i - a ring of see invisible (left hand)
 j - a +30 ring of slaying
Scrolls
 b - 2 scrolls of blinking {@r4}
Potions
 f - a potion of heal wounds {@q2}
 g - a potion of berserk rage
 h - a potion of haste {@q3}
 q - a potion of curing {@q1}


   Skills:
 O Level 27 Fighting
 O Level 27 Short Blades
 O Level 27 Long Blades
 O Level 27 Axes
 O Level 27 Maces & Flails
 O Level 27 Polearms
 O Level 27 Staves
 O Level 27 Ranged Weapons
 O Level 27 Throwing
 O Level 27 Armour
 O Level 27 Dodging
 O Level 27 Stealth
 O Level 27 Shields
 O Level 27 Unarmed Combat
 O Level 27 Spellcasting
 O Level 27 Invocations
 O Level 27 Evocations


You couldn't memorise any spells.
You knew the following spells:

 Your Spells              Type           Power      Damage    Failure   Level
a - Blink                 Tloc           100%       N/A       0%          2
b - Lesser Beckoning      Tloc           100%       N/A       0%          3
c - Gell's Gravitas       Tloc           100%       N/A       0%          3
d - Teleport Other        Tloc           100%       N/A       0%          3
e - Manifold Assault      Tloc           100%       N/A       0%          5
f - Foxfire               Conj/Fire      100%       2x1d9     0%          1
g - Searing Ray           Conj           100%       2d8       0%          2
h - Scorch                Fire           100%       2d10      0%          2
i - Vampiric Draining     Necr           100%       2d13      0%          3
j - Fulminant Prism       Conj/Hex       55%        3d25      0%          4
k - Summon Forest         Summ/Tloc      55%        N/A       0%          5
l - Statue Form           Tmut/Erth      73%        N/A       0%          6
m - Enfeeble              Hex            55%        N/A       0%          7
n - Summon Cactus Giant   Summ           55%        N/A       0%          6
o - Infestation           Necr           55%        N/A       1%          8
p - Orb of Destruction    Conj           55%        9d14      0%          7
r - Polar Vortex          Ice            55%        N/A       1%          9
z - Disjunction           Tloc           55%        N/A       1%          8
Your spell library was empty.

Dungeon Overview and Level Annotations

Branches:
Dungeon (1/1)

Altars:
Makhleb


Innate Abilities, Weirdness & Mutations

You are immune to sickness and miasma.
You are immune to poison.
Your flesh is very heat resistant. (rF++)
You are vulnerable to cold. (rC-)
You float through the air rather than walking.
You learn spells naturally, not from books.
Your magical power is your life essence.
You have superior vitality. (+4 MHP)


Message History

You feel better.
You slice the wretched soul!! You chop the wretched soul into pieces.
You destroy the wretched soul!
Makhleb accepts your kill.
You feel better.
You chop the bag of meat into pieces!!!
You slaughter the bag of meat joyfully.
You kill the bag of meat!
Makhleb accepts your kill.
You feel extremely nervous for a moment...
You are engulfed in negative energy!
You feel clumsy.
You hear a shout!
A fleshlord comes into view. It is wielding a +9 great mace.
You hear a shout!
A meat berserker comes into view. It is wielding a +9 battleaxe.
A dread comes into view.
The meat berserker rages.
A bag of meat comes into view. It is wielding a +9 war axe.
You are confused.
You hear an angry hiss. x2
You feel your dexterity returning.
Health restored: 228 You're too confused to cast spells.
Unknown command.
The fleshlord shouts!
You hear a shout!
Some rock shatters into small pieces.
You hear a shout! x2
The fleshlord casts a spell at you.
You feel as though you will be slow longer.
You barely resist.
You hear a shout!
The dread throws damnation at you.
The sphere of damnation explodes!
The damnation engulfs you!! The vile throws damnation at you.
The sphere of damnation explodes!
The damnation engulfs you!
You hear a shout! x2
The destroyer points at you and mumbles some strange words.
The destroyer blinks!
You hear a shout! x2
You have escaped!

..)) )) p o#)W .)#
§S .)). ))#
)○W#.#†.. ..###M
.°)))..9###...).)
#☼)☼†..O)_..).O..
.)..).#)V...# ....
)..†).._)@)_#.....
.))..)#)))..#.....
#...))).)_).)†))..
).))).O)#D#)..)))§
..W###.)))9..###)§
.....#.))9.))#.§§
...#).))).p#..)
O...)).)))W)9.))
).))....))§...))


You could see an accursed (wandering), an eight-headed meat hydra, a destroyer,
a scourge, 2 fleshlords, 2 dreads, 4 viles, 3 meat berserkers, a wretched soul
(invisible) and a bag of meat.

Vanquished Creatures
  3 molten gargoyles (D)
  Dispater (D)
  31 hell knights (D)
  Sigmund (D)
  17 hell beasts (D)
  Edmund (D)
  6 royal mummies (D)
  23 great orbs of eyes (D)
  28 wraiths (D)
  24 vampire knights (D)
  54 ogres (D)
  10 two-headed ogres (D)
  11 liches (D)
  31 hydras (D)
  16 phantoms (D)
  102 orcs (D)
  13 skeletal warriors (D)
  18 sea snakes (D)
  An Orb Guardian (D)
  A balrug (D)
  3 sun demons (D)
395 creatures vanquished.

Notes
Turn   | Place    | Note
-------+----------+-------------------------------------------
     0 | D        | Found the +∞ Axe of Woe
     0 | D        | Ofeo the Djinni Warper began the quest for the Orb.
     0 | D        | Ofeo set off with the following spells memorised: Blink,
                  | Lesser Beckoning, Gell's Gravitas, Teleport Other, Manifold
                  | Assault.
     0 | D        | Reached XP level 1. HP: 18/18 MP: 0/0
     1 | D        | Noticed a bag of meat
     1 | D        | Noticed a meat berserker
     3 | D        | Became a worshipper of Makhleb the Destroyer
     4 | D        | Noticed a bag of meat
     4 | D        | Noticed a meat berserker
     4 | D        | Noticed a bag of meat
     4 | D        | Noticed a bag of meat
     5 | D        | Killed a meat berserker
     5 | D        | Killed a bag of meat
     5 | D        | Reached * piety under Makhleb
     5 | D        | Noticed a meat berserker
     5 | D        | Noticed a bag of meat
     6 | D        | Reached XP level 2. HP: 23/23 MP: 0/0
     6 | D        | Reached XP level 3. HP: 28/28 MP: 0/0
     6 | D        | Learned a level 1 spell: Foxfire
     6 | D        | Reached XP level 4. HP: 33/33 MP: 0/0
     6 | D        | Reached XP level 5. HP: 38/38 MP: 0/0
     6 | D        | Learned a level 2 spell: Searing Ray
     6 | D        | Reached XP level 6. HP: 43/43 MP: 0/0
     6 | D        | Reached XP level 7. HP: 49/49 MP: 0/0
     6 | D        | Learned a level 2 spell: Scorch
     6 | D        | Reached XP level 8. HP: 54/54 MP: 0/0
     6 | D        | Reached XP level 9. HP: 58/58 MP: 0/0
     6 | D        | Learned a level 3 spell: Vampiric Draining
     6 | D        | Reached XP level 10. HP: 64/64 MP: 0/0
     6 | D        | Reached XP level 11. HP: 68/68 MP: 0/0
     6 | D        | Learned a level 4 spell: Fulminant Prism
     6 | D        | Reached XP level 12. HP: 74/74 MP: 0/0
     6 | D        | Reached XP level 13. HP: 78/78 MP: 0/0
     6 | D        | Learned a level 5 spell: Summon Forest
     6 | D        | Noticed a meat berserker
     7 | D        | Killed a meat berserker
     8 | D        | Reached skill level 27 in Axes
     8 | D        | Reached skill level 15 in Fighting
     8 | D        | Reached XP level 14. HP: 114/114 MP: 0/0
     8 | D        | Killed a bag of meat
    11 | D        | Killed a meat berserker
    11 | D        | Reached ** piety under Makhleb
    11 | D        | Noticed a bag of meat
    12 | D        | Reached XP level 15. HP: 139/139 MP: 0/0
    12 | D        | Learned a level 6 spell: Statue Form
    13 | D        | Noticed a meat berserker
    14 | D        | Noticed a meat berserker
    15 | D        | Reached skill level 27 in Fighting
    15 | D        | Reached *** piety under Makhleb
    16 | D        | Noticed a meat berserker
    16 | D        | Noticed a large bag of meat
    17 | D        | Killed a meat berserker
    18 | D        | Reached XP level 16. HP: 154/154 MP: 0/0
    19 | D        | Killed a meat berserker
    19 | D        | Reached **** piety under Makhleb
    19 | D        | Noticed a meat berserker
    20 | D        | Reached XP level 17. HP: 160/160 MP: 0/0
    20 | D        | Learned a level 7 spell: Enfeeble
    21 | D        | Killed a meat berserker
    21 | D        | Killed a meat berserker
    22 | D        | Reached ***** piety under Makhleb
    22 | D        | Noticed a large bag of meat
    23 | D        | Reached XP level 18. HP: 167/167 MP: 0/0
    23 | D        | Killed a large bag of meat
    23 | D        | Noticed a large bag of meat
    23 | D        | Noticed a large bag of meat
    24 | D        | Reached skill level 27 in Spellcasting
    24 | D        | Killed a large bag of meat
    24 | D        | Killed a large bag of meat
    24 | D        | Noticed a meat berserker
    25 | D        | Reached skill level 10 in Maces & Flails
    25 | D        | Reached skill level 10 in Polearms
    25 | D        | Reached skill level 10 in Throwing
    25 | D        | Reached XP level 19. HP: 174/174 MP: 0/0
    25 | D        | Learned a level 6 spell: Summon Cactus Giant
    25 | D        | Noticed a meat berserker
    26 | D        | Noticed a destroyer
    26 | D        | Killed a meat berserker
    26 | D        | Reached ****** piety under Makhleb
    26 | D        | Killed a destroyer
    26 | D        | Killed a meat berserker
    27 | D        | Reached skill level 15 in Armour
    27 | D        | Reached skill level 15 in Unarmed Combat
    27 | D        | Reached skill level 15 in Invocations
    27 | D        | Reached XP level 20. HP: 181/181 MP: 0/0
    27 | D        | Killed a meat berserker
    28 | D        | Reached skill level 15 in Stealth
    28 | D        | Noticed a destroyer
    28 | D        | Noticed a destroyer
    28 | D        | Noticed a destroyer
    30 | D        | Killed a destroyer
    30 | D        | Noticed a large bag of meat
    31 | D        | Reached XP level 21. HP: 187/187 MP: 0/0
    31 | D        | Learned a level 8 spell: Infestation
    31 | D        | Noticed a meat berserker
    32 | D        | Reached skill level 15 in Maces & Flails
    32 | D        | Reached skill level 15 in Polearms
    32 | D        | Reached skill level 15 in Throwing
    32 | D        | Noticed an eight-headed meat hydra
    33 | D        | Killed a destroyer
    33 | D        | Killed a nine-headed meat hydra
    34 | D        | Reached XP level 22. HP: 194/194 MP: 0/0
    34 | D        | Noticed a meat berserker
    34 | D        | Noticed a destroyer
    35 | D        | Killed a meat berserker
    36 | D        | Noticed a destroyer
    37 | D        | Noticed a destroyer
    38 | D        | Killed a large bag of meat
    38 | D        | Noticed a destroyer
    38 | D        | Noticed a meat berserker
    38 | D        | Noticed a meat berserker
    39 | D        | Killed a meat berserker
    39 | D        | Noticed a meat berserker
    40 | D        | Noticed a destroyer
    40 | D        | Killed a destroyer
    41 | D        | Reached XP level 23. HP: 201/201 MP: 0/0
    41 | D        | Learned a level 7 spell: Orb of Destruction
    41 | D        | Noticed a destroyer
    42 | D        | Noticed a destroyer
    43 | D        | Noticed a destroyer
    43 | D        | Killed a destroyer
    44 | D        | Noticed a destroyer
    45 | D        | Noticed an accursed
    45 | D        | Noticed a tyrant
    45 | D        | Killed a large bag of meat
    46 | D        | Reached skill level 27 in Dodging
    46 | D        | Reached XP level 24. HP: 195/208 MP: 0/0
    46 | D        | Killed a destroyer
    46 | D        | Killed a destroyer
    46 | D        | Noticed a destroyer
    47 | D        | Reached skill level 27 in Armour
    47 | D        | Reached skill level 27 in Unarmed Combat
    47 | D        | Reached skill level 27 in Invocations
    47 | D        | Reached XP level 25. HP: 198/214 MP: 0/0
    47 | D        | Learned a level 8 spell: Disjunction
    47 | D        | Killed a destroyer
    47 | D        | Killed a destroyer
    47 | D        | Noticed a tyrant
    48 | D        | Reached skill level 27 in Maces & Flails
    48 | D        | Reached skill level 27 in Polearms
    48 | D        | Reached skill level 27 in Throwing
    48 | D        | Reached skill level 27 in Stealth
    48 | D        | Killed a destroyer
    48 | D        | Killed an accursed
    48 | D        | Killed a tyrant
    49 | D        | Reached skill level 15 in Ranged Weapons
    49 | D        | Reached XP level 26. HP: 107/221 MP: 0/0
    49 | D        | Noticed a tyrant
    49 | D        | Killed a destroyer
    50 | D        | Killed a destroyer
    51 | D        | Reached XP level 27. HP: 140/228 MP: 0/0
    51 | D        | Learned a level 9 spell: Polar Vortex
    57 | D        | Reached skill level 27 in Shields
    57 | D        | Reached skill level 27 in Evocations
    57 | D        | Killed a destroyer
    58 | D        | Reached skill level 27 in Short Blades
    58 | D        | Reached skill level 27 in Long Blades
    58 | D        | Killed a tyrant
    59 | D        | Reached skill level 27 in Ranged Weapons
    59 | D        | Reached skill level 10 in Staves
    59 | D        | Killed a tyrant
    59 | D        | Noticed a meat beast
    60 | D        | Killed a meat beast
    61 | D        | Reached skill level 27 in Staves
    61 | D        | Killed a destroyer
    62 | D        | Noticed a meat beast
    63 | D        | Noticed a meat beast
    63 | D        | Killed a meat beast
    63 | D        | Killed a meat beast
    64 | D        | Noticed The Captor
    64 | D        | Noticed a meat beast
    66 | D        | Killed a meat beast
    66 | D        | Killed The Captor
    69 | D        | Noticed a dread
    70 | D        | Killed a dread
    72 | D        | Noticed a destroyer
    74 | D        | Killed a destroyer
    74 | D        | Noticed a meat beast
    75 | D        | Killed a meat beast
    86 | D        | Noticed a meat beast
    88 | D        | Killed a meat beast
    96 | D        | Noticed a dread
    97 | D        | Noticed a large bag of meat
    98 | D        | Killed a dread
    98 | D        | Killed a large bag of meat
   101 | D        | Noticed a meat beast
   104 | D        | Noticed a tyrant
   105 | D        | Killed a meat beast
   105 | D        | Killed a tyrant
   108 | D        | Noticed a tyrant
   109 | D        | Noticed a meat beast
   110 | D        | Killed a meat beast
   114 | D        | Noticed a meat beast
   115 | D        | Noticed a dread
   115 | D        | Noticed an accursed
   116 | D        | Killed a meat beast
   116 | D        | Killed an accursed
   117 | D        | Noticed a dread
   117 | D        | Killed a dread
   118 | D        | Noticed a fleshlord
   119 | D        | Killed a tyrant
   120 | D        | Killed a fleshlord
   120 | D        | Noticed an accursed
   120 | D        | Noticed a dread
   121 | D        | Killed a dread
   122 | D        | Killed a dread
   122 | D        | Killed an accursed
   123 | D        | Noticed a destroyer
   124 | D        | Killed a destroyer
   125 | D        | Noticed a dread
   126 | D        | Noticed a large bag of meat
   126 | D        | Noticed a fleshlord
   127 | D        | Killed a large bag of meat
   127 | D        | Killed a fleshlord
   129 | D        | Killed a dread
   129 | D        | Noticed a fleshlord
   129 | D        | Noticed The Defiler
   130 | D        | Killed The Defiler
   130 | D        | Killed a fleshlord
   131 | D        | Noticed a fleshlord
   131 | D        | Noticed a meat beast
   131 | D        | Noticed a fleshlord
   132 | D        | Killed a meat beast
   132 | D        | Killed a fleshlord
   132 | D        | Killed a fleshlord
   132 | D        | Noticed a dread
   133 | D        | Killed a dread
   135 | D        | Noticed a destroyer
   135 | D        | Noticed a fleshlord
   136 | D        | Noticed a destroyer
   136 | D        | Killed a destroyer
   137 | D        | Killed a fleshlord
   137 | D        | Killed a destroyer
   137 | D        | Noticed an accursed
   138 | D        | Killed an accursed
   139 | D        | Noticed a fleshlord
   139 | D        | Killed a fleshlord
   140 | D        | Noticed a fleshlord
   141 | D        | Killed a fleshlord
   142 | D        | Noticed a dread
   143 | D        | Killed a dread
   144 | D        | Noticed a destroyer
   144 | D        | Noticed a dread
   145 | D        | Killed a destroyer
   145 | D        | Killed a dread
   145 | D        | Noticed a fleshlord
   146 | D        | Killed a fleshlord
   149 | D        | Noticed The Meatlord
   150 | D        | Noticed a dread
   150 | D        | Killed a dread
   150 | D        | Killed The Meatlord
   151 | D        | Got the Orb of Zot
   151 | D        | Noticed a meat beast
   151 | D        | Noticed a fleshlord
   152 | D        | Killed a meat beast
   152 | D        | Killed a fleshlord
   152 | D        | Noticed a dread
   153 | D        | Killed a dread
   155 | D        | Noticed a dread
   156 | D        | Killed a dread
   156 | D        | Noticed a meat beast
   156 | D        | Noticed a large bag of meat
   157 | D        | Killed a meat beast
   157 | D        | Killed a large bag of meat
   157 | D        | Noticed a fleshlord
   158 | D        | Killed a fleshlord
   158 | D        | Noticed a destroyer
   159 | D        | Killed a destroyer
   159 | D        | Noticed a dread
   160 | D        | Noticed a destroyer
   160 | D        | Killed a dread
   160 | D        | Killed a destroyer
   160 | D        | Noticed a tyrant
   161 | D        | Killed a tyrant
   161 | D        | Noticed a meat beast
   161 | D        | Noticed a fleshlord
   161 | D        | Noticed a fleshlord
   161 | D        | Noticed a dread
   162 | D        | Killed a fleshlord
   163 | D        | Killed a dread
   163 | D        | Noticed a meat beast
   163 | D        | Noticed a dread
   164 | D        | Killed a fleshlord
   164 | D        | Killed a dread
   165 | D        | Killed a meat beast
   165 | D        | Noticed a meat beast
   165 | D        | Noticed a fleshlord
   166 | D        | Killed a meat beast
   166 | D        | Killed a fleshlord
   166 | D        | Noticed a tyrant
   172 | D        | Noticed a dread
   172 | D        | Killed a dread
   172 | D        | Noticed a meat beast
   174 | D        | Killed a tyrant
   175 | D        | Noticed a fleshlord
   176 | D        | Killed a fleshlord
   176 | D        | Noticed a fleshlord
   177 | D        | Killed a fleshlord
   177 | D        | Noticed a fleshlord
   178 | D        | Killed a fleshlord
   179 | D        | Noticed a dread
   180 | D        | Killed a dread
   181 | D        | Noticed a tyrant
   182 | D        | Killed a tyrant
   185 | D        | Noticed a destroyer
   185 | D        | Killed a destroyer
   186 | D        | Noticed a large bag of meat
   186 | D        | Noticed a fleshlord
   187 | D        | Killed a large bag of meat
   187 | D        | Killed a fleshlord
   187 | D        | Noticed a dread
   188 | D        | Noticed a dread
   188 | D        | Killed a dread
   188 | D        | Killed a dread
   188 | D        | Noticed a fleshlord
   189 | D        | Killed a fleshlord
   189 | D        | Noticed a meat beast
   190 | D        | Killed a meat beast
   190 | D        | Noticed a large bag of meat
   190 | D        | Noticed a fleshlord
   191 | D        | Killed a large bag of meat
   191 | D        | Killed a fleshlord
   191 | D        | Noticed a fleshlord
   192 | D        | Killed a fleshlord
   192 | D        | Noticed a fleshlord
   192 | D        | Noticed a dread
   193 | D        | Noticed a dread
   193 | D        | Killed a dread
   193 | D        | Noticed a tyrant
   194 | D        | Killed a fleshlord
   194 | D        | Killed a tyrant
   194 | D        | Noticed a fleshlord
   195 | D        | Noticed a fleshlord
   196 | D        | Killed a fleshlord
   197 | D        | Killed a fleshlord
   198 | D        | Killed a dread
   198 | D        | Noticed a destroyer
   198 | D        | Noticed a fleshlord
   199 | D        | Killed a fleshlord
   199 | D        | Killed a destroyer
   200 | D        | Killed a meat beast
   203 | D        | Noticed a dread
   203 | D        | Noticed an accursed
   204 | D        | Killed an accursed
   204 | D        | Killed a dread
   206 | D        | Noticed a dread
   206 | D        | Killed a dread
   206 | D        | Noticed a vile
   206 | D        | Noticed a dread
   207 | D        | Killed a dread
   207 | D        | Noticed a fleshlord
   208 | D        | Killed a vile
   208 | D        | Killed a fleshlord
   209 | D        | Noticed a dread
   209 | D        | Noticed a dread
   210 | D        | Noticed a meat beast
   211 | D        | Killed a meat beast
   211 | D        | Noticed a tyrant
   211 | D        | Noticed a fleshlord
   212 | D        | Killed a fleshlord
   212 | D        | Noticed a fleshlord
   212 | D        | Noticed a vile
   212 | D        | Noticed a tyrant
   213 | D        | Noticed a fleshlord
   213 | D        | Killed a tyrant
   213 | D        | Killed a vile
   213 | D        | Killed a fleshlord
   214 | D        | Killed a fleshlord
   214 | D        | Killed a dread
   214 | D        | Killed a dread
   215 | D        | Killed a tyrant
   216 | D        | Noticed a dread
   217 | D        | Killed a dread
   217 | D        | Noticed a fleshlord
   217 | D        | Noticed a destroyer
   218 | D        | Killed a destroyer
   218 | D        | Killed a fleshlord
   218 | D        | Noticed a dread
   218 | D        | Noticed an accursed
   218 | D        | Noticed a vile
   219 | D        | Noticed a fleshlord
   219 | D        | Noticed a vile
   219 | D        | Killed a fleshlord
   219 | D        | Killed a vile
   219 | D        | Noticed a vile
   220 | D        | Killed an accursed
   220 | D        | Killed a dread
   220 | D        | Noticed a fleshlord
   220 | D        | Noticed a dread
   221 | D        | Noticed a destroyer
   221 | D        | Noticed a vile
   221 | D        | Noticed a dread
   221 | D        | Noticed a fleshlord
   221 | D        | Noticed an accursed
   221 | D        | Noticed a vile
   222 | D        | Escaped with the Orb!

Illustrated notes

Levels and vault maps discovered:
D:        meatsprint

Skill      XL: |  1  2  3  4  5  6  7  8  9 10 11 12 13 14 15 16 17 18 19 20 21 22 23 24 25 26 27 |
---------------+----------------------------------------------------------------------------------+-----
Axes           | 26 27 | 27.0
Fighting       | 15 23 27 | 27.0
Spellcasting   | 14 19 26 27 | 27.0
Maces & Flails | 10 13 14 17 20 22 24 27 | 27.0
Polearms       | 10 13 14 17 19 22 24 27 | 27.0
Throwing       | 10 13 14 17 20 22 24 27 | 27.0
Armour         | 12 15 17 20 23 26 27 | 27.0
Dodging        | 13 17 19 21 25 27 | 27.0
Stealth        | 11 14 16 18 21 24 26 27 | 27.0
Unarmed Combat | 12 15 17 20 23 26 27 | 27.0
Invocations    | 12 15 17 20 23 26 27 | 27.0
Short Blades   | 16 19 27 | 27.0
Long Blades    | 16 19 27 | 27.0
Ranged Weapons | 15 18 27 | 27.0
Shields        | 17 21 27 | 27.0
Evocations     | 17 21 27 | 27.0
Staves         | 27 | 27.0

Action                   |  1- 3 |  4- 6 |  7- 9 | 10-12 | 13-15 | 16-18 | 19-21 | 22-24 | 25-27 || total
-------------------------+-------+-------+-------+-------+-------+-------+-------+-------+-------++-------
Melee: Executioner's axe |     1 |       |       |       |     6 |    11 |    11 |    10 |   331 ||   370
 Cast: Manifold Assault  |       |       |       |       |       |     2 |     2 |       |   118 ||   122
       Disjunction       |       |       |       |       |       |       |       |       |     2 ||     2
Dodge: Dodged            |       |       |       |       |       |       |       |       |     2 ||     2
